 Dungeon Crawl Stone Soup version 0.31-a0-460-g9e667d4245 (webtiles) character file.

Game seed: 8515312281694314135

128 ragingrage the Ducker (level 4, -6/21 HPs)
             Began as a Spriggan Artificer on Aug 5, 2023.
             Was a High Priest of Ignis.
             Killed by nerve-wracking pain
             ... invoked by Grinder
              (11 damage)
             ... on level 3 of the Dungeon.
             The game lasted 00:03:40 (2895 turns).

ragingrage the Ducker (Spriggan Artificer)          Turns: 2895, Time: 00:03:40

Health: -6/21      AC:  2    Str: 12    XL:     4   Next: 87%
Magic:  5/5        EV: 19    Int: 11    God:    Ignis [*****.]
Gold:   180        SH:  0    Dex: 16    Spells: 3/3 levels left

rFire   + . .        a - +2 dagger (venom)
rCold   . . .        (no shield)
rNeg    . . .        k - +0 robe
rPois   .            (helmet restricted)
rElec   .            (no cloak)
rCorr   .            (gloves unavailable)
SInv    +            (boots unavailable)
Will    +....        p - amulet of faith
Stlth   +++          s - ring of willpower
HPRegen 0.23/turn    (no ring)
MPRegen 0.09/turn

%: faith
@: very quick
A: very small, no large weapons, unfitting armour, see invisible, speed 3,
strong 1
a: Renounce Religion, Fiery Armour, Foxfire Swarm, Rising Flame


You were on level 3 of the Dungeon.
You worshipped Ignis.
Ignis was extremely pleased with you.
You visited 1 branch of the dungeon, and saw 3 of its levels.

You collected 180 gold pieces.

Inventory:

Hand Weapons
 a - a +2 dagger of venom (weapon)
 b - a +0 sling
 n - a +0 short sword
 o - a +0 dagger
Missiles
 j - 4 poisoned darts
Armour
 k - a +0 robe (worn)
Jewellery
 p - an amulet of faith (around neck)
 s - a ring of willpower (left hand)
Wands
 c - a wand of flame (15) (quivered)
 d - a wand of charming (14)
 e - a wand of iceblast (5)
 q - a wand of paralysis (12)
Scrolls
 f - 4 scrolls of identify {unknown}
 h - a scroll of amnesia {unknown}
 i - 2 scrolls of vulnerability {unknown}
 t - a scroll of immolation {unknown}
Potions
 g - a potion of ambrosia {unknown}
 l - a potion of brilliance {unknown}
 m - a potion of might {unknown}
 r - a potion of mutation


   Skills:
 - Level 0.7 Fighting
 + Level 2.5 Short Blades
 + Level 4.7 Dodging
 - Level 4.0 Stealth
 - Level 4.6 Evocations


You had 3 spell levels left.
You didn't know any spells.
Your spell library was empty.

Dungeon Overview and Level Annotations

Branches:
Dungeon (3/15)

Altars:
Qazlal
Ignis

Annotations:
D:3 Grinder


Innate Abilities, Weirdness & Mutations

You are very small and have problems with some larger weapons.
You are too small for most types of armour.
You have supernaturally acute eyesight. (SInv)
You cover ground extremely quickly. (Speed+++)
Your muscles are strong. (Str +4, Int/Dex -1)


Message History

t - Shout!
Orders for allies: a - Attack new target. r - Retreat! s - Stop attacking. g - Guard the area. f - Follow me.
Anything else - Cancel.
You shout for attention!
What are your orders? t - Shout!
Orders for allies: a - Attack new target. r - Retreat! s - Stop attacking. g - Guard the area. f - Follow me.
Anything else - Cancel.
You shout for attention!
You start waiting.
Grinder is nearby!
An adder comes into view.
The adder hisses angrily.
Grinder is nearby!
Grinder is nearby!
Grinder is nearby!
Grinder gestures at you.
You easily resist.
You barely miss Grinder. Grinder hits you.
You writhe in agony.
You closely miss Grinder. Grinder hits you.
* * * LOW HITPOINT WARNING * * *
You writhe in agony.
* * * LOW HITPOINT WARNING * * *
You are too injured to fight recklessly!
You barely miss Grinder.
Unknown command.
It was a potion of mutation.
You feel extremely strange.
You feel stronger. Grinder gestures at you. You resist with almost no effort.
Unknown command.
Grinder blinks!
Grinder gestures at you. Pain shoots through your body!
Ouch! That really hurt!
You die...

# #.#####.......#..........#..#
##. #...#....####.#.##...##..#†.#
....##.####..####.#.###.........#
#............. #.#.#>.........##
#..##.####..# #.#.#######..###
##..##.####..####.#.#...# #..#
.......S........#.#.###.###..#
###.###########.#.#.##...##..# #
#§@.#..........#
###.####.#...###.# #...# #.##.##
#.# ###5### #.##.####.# ###...#
#.##....#.#
#...########.##.##.#.#
##†#..........##.##.#.#
#..#########..##.##.#.#
#.#...............#.#.#


You could see Grinder.

Vanquished Creatures
  7 adders
  A dart slug (D:1)
  An orc (D:3)
  6 endoplasms
  A giant cockroach (D:1)
  6 hobgoblins
  6 jackals (D:1)
  4 kobolds
  2 quokkas (D:1)
  5 ball pythons
  5 bats
  3 frilled lizards
  6 goblins
  8 rats
61 creatures vanquished.

Vanquished Creatures (others)
  A jackal (D:1)
1 creature vanquished.

Grand Total: 62 creatures vanquished

Notes
Turn   | Place    | Note
-------+----------+-------------------------------------------
     0 | D:1      | ragingrage the Spriggan Artificer began the quest for the
                  | Orb.
     0 | D:1      | Reached XP level 1. HP: 9/9 MP: 2/2
   425 | D:1      | Reached XP level 2. HP: 14/14 MP: 3/3
  1096 | D:1      | Reached skill level 1 in Short Blades
  1244 | D:1      | Reached XP level 3. HP: 17/17 MP: 4/4
  1817 | D:2      | Found a stormy altar of Qazlal.
  1958 | D:2      | Reached XP level 4. HP: 16/21 MP: 5/5
  2198 | D:2      | Found a faded altar of an unknown god.
  2328 | D:2      | Prayed at the altar of an unknown god.
  2328 | D:2      | Became a worshipper of Ignis, the Dying Flame
  2415 | D:3      | Noticed Grinder
  2831 | D:3      | Paralysed by Grinder for 3 turns
  2889 | D:3      | Gained mutation: Your muscles are strong. (Str +4, Int/Dex
                  | -1) [potion of mutation]
  2895 | D:3      | Killed from afar by Grinder

Illustrated notes

Levels and vault maps discovered:
D:1:      sevenhm_arrival_forest_fort_large_4, layout_loops_ring,
          chequers_serial_rivers_micro_a, chequers_serial_rivers_micro_a,
          serial_bayou_lake_a
D:2:      layout_rooms, hellmonk_ecumenical_altar_slurped_away, basic_altar,
          lightli_corner_chamber
D:3:      layout_loops_ring, serial_co_window_serial,
          co_window_of_opportunity_a, co_window_paths_b, co_window_paths_b,
          co_window_paths_b, co_window_paths_a, co_window_2corner,
          co_window_cross_2, co_window_paths_c, co_window_broadway_a,
          co_window_corner_b, co_window_of_opportunity_b, co_window_2corner,
          glass_columns_a, uniq_grinder

Skill      XL: |  1  2  3  4 |
---------------+-------------+-----
Stealth        | 2 3 4 |  4.0
Short Blades   | 1 2 |  2.5
Dodging        | 4 |  4.7
Fighting       | |  0.7
Evocations     | |  4.6

Action                     |  1- 3 |  4- 6 || total
---------------------------+-------+-------++-------
  Melee: Dagger            |   182 |    35 ||   217
         Punch             |     2 |       ||     2
   Fire: Sling             |    11 |       ||    11
  Evoke: Wand              |     1 |       ||     1
    Use: Potion            |       |     1 ||     1
   Stab: Sleeping          |     8 |     8 ||    16
 Armour: Robe              |    17 |     2 ||    19
  Dodge: Dodged            |   147 |    13 ||   160

Table legend: (Time is in decaauts)
 A = Elapsed time spent in this place.
 B = Non-inter-level travel time spent in this place.
 C = Inter-level travel time spent in this place.
 D = Time resting spent in this place.
 E = Time spent auto-exploring this place.
 F = Levels seen in this place.
 G = Mean time per level.
                   A        B        C        D        E       F      G
               +--------+--------+--------+--------+--------+-----+--------+
         Total |   2085 |   1924 |    161 |    333 |    958 |   3 |  695.0 |
       Dungeon |   2085 |   1924 |    161 |    333 |    958 |   3 |  695.0 |
               +--------+--------+--------+--------+--------+-----+--------+

Top non-repeatable levels by time:
     D:1: 1275 daAuts
     D:2: 473 daAuts
     D:3: 336 daAuts
